 Dungeon Crawl Stone Soup version 0.18.1-6-gd335043 (webtiles) character file.

431290 Herrn the Executioner (level 25, -8/199 HPs)
             Began as a Formicid Fighter on May 18, 2016.
             Was the Champion of Okawaru.
             Splashed by a caustic shrike's acid (10 damage)
             ... on level 4 of the Depths on May 19, 2016.
             The game lasted 02:54:19 (45473 turns).

Herrn the Executioner (Formicid Fighter)           Turns: 45473, Time: 02:54:20

Health: -8/199     AC: 28    Str: 24    XL:     25   Next: 8%
Magic:  18/18      EV: 16    Int:  8    God:    Okawaru [******]
Gold:   4746       SH: 32    Dex: 13    Spells: 3 memorised, 10 levels left

rFire  + + +     SeeInvis +     g - +12 executioner's axe of Rathus {chop, MR+ Str-4 SInv}
rCold  + + +     Gourm    .     U - +5 gold dragon armour
rNeg   + + .     Faith    .     R - +8 large shield {reflect}
rPois  +         Spirit   .     (helmet unavailable)
rElec  +         Dismiss  +     Q - +2 cloak of Starlight {rElec rC+ EV+4 Stlth--}
rCorr  .         Reflect  +     t - +2 pair of gloves {archery}
SustAt .         Harm     .     W - +2 pair of boots of the Assassin {DetectMon Stab+ Stlth++}
MR     +++..                    F - amulet "Wogup" {Dismiss rF++ Int-5 Dex+4 Stlth+}
Stlth  ..........               b - ring of positive energy
                                c - ring of positive energy

@: corroded, extremely resistant to hostile enchantments, extremely unstealthy
A: permanent stasis, dig shafts and tunnels, four strong arms, antennae 3,
repulsion field 1, large bone plates 1, rough black scales 1, clever 1, cold
resistance 1, low mp 3, screaming 1, weak 1
a: Dig, Shaft Self, Heroism, Finesse, Renounce Religion
}: 2/15 runes: barnacled, gossamer


You were on level 4 of the Depths.
You worshipped Okawaru.
Okawaru was exalted by your worship.
You were very hungry.

You visited 9 branches of the dungeon, and saw 45 of its levels.
You also visited: Labyrinth and Bailey.

You collected 5711 gold pieces.
You spent 965 gold pieces at shops.

Inventory:

Hand Weapons
 a - a +9 executioner's axe of flaming
 g - the +12 executioner's axe of Rathus (weapon) {chop, MR+ Str-4 SInv}
   (Okawaru gifted it to you on level 3 of the Lair of Beasts)

   It inflicts extra damage upon your enemies.
   It affects your strength (-4).
   It affects your resistance to hostile enchantments.
   It lets you see invisible.
 S - a +2 executioner's axe of venom
Armour
 n - a +1 large shield of resistance
 t - a +2 pair of gloves of archery (worn)
 Q - the +2 cloak of Starlight (worn) {rElec rC+ EV+4 Stlth--}
   (Okawaru gifted it to you on level 7 of the Lair of Beasts)

   It affects your evasion (+4).
   It protects you from cold.
   It insulates you from electricity.
   It makes you much less stealthy.
 R - a +8 large shield of reflection (worn)
 U - a +5 gold dragon armour (worn)
 W - the +2 pair of boots of the Assassin (worn) {DetectMon Stab+ Stlth++}
   (Okawaru gifted it to you on level 4 of the Lair of Beasts)

   It makes you much more stealthy.
Jewellery
 b - a ring of positive energy (right hand)
 c - a ring of positive energy (left hand)
 d - an uncursed ring of protection from fire
 i - an uncursed ring of flight
 k - an uncursed ring of sustain attributes
 r - an uncursed amulet of regeneration
 C - an uncursed amulet of rage
 F - the amulet "Wogup" (around neck) {Dismiss rF++ Int-5 Dex+4 Stlth+}
   (You found it on level 1 of the Spider Nest)

   [amulet of dismissal]

   It may teleport away creatures that harm you.
   It affects your intelligence (-5).
   It affects your dexterity (+4).
   It greatly protects you from fire.
   It makes you more stealthy.
 I - an uncursed ring of protection from cold
 L - an uncursed ring of poison resistance
 M - the ring of Bad Sipn {rF++ MP+9}
   (You found it on level 3 of the Elven Halls)

   [ring of magical power]

   It greatly protects you from fire.
   It affects your magic capacity (+9).
 Z - a +4 amulet of reflection
Wands
 v - a wand of iceblast (10/15)
Scrolls
 l - 7 scrolls of magic mapping
 m - 8 scrolls of amnesia
 p - 4 scrolls of summoning
 s - 7 scrolls of identify
 x - 8 scrolls of recharging
 y - 25 scrolls of remove curse
 A - 5 scrolls of fear
 E - 9 scrolls of fog
 P - 3 scrolls of silence
Potions
 e - 3 potions of cure mutation
 h - 16 potions of curing
 o - 8 potions of lignification
 q - a potion of brilliance
 u - 6 potions of magic
 K - a potion of invisibility
 T - a potion of might
 X - 2 potions of agility
 Y - 2 potions of cancellation
Books
 z - a book of the Sky

   Spells                             Type                      Level
   a - Summon Lightning Spire         Summoning/Air                4
   b - Airstrike                      Air                          4
   c - Silence                        Hexes/Air                    5
   d - Deflect Missiles               Charms/Air                   6
   e - Conjure Ball Lightning         Conjuration/Air              6
   f - Tornado                        Air                          9
 B - a book of Unlife

   Spells                             Type                      Level
   a - Recall                         Summoning/Translocation      3
   b - Animate Dead                   Necromancy                   4
   c - Control Undead                 Necromancy                   4
   d - Cigotuvi's Embrace             Necromancy                   5
   e - Death Channel                  Necromancy                   6
   f - Simulacrum                     Ice/Necromancy               6
 N - a Necronomicon

   Spells                             Type                      Level
   a - Haunt                          Necromancy/Summoning         7
   b - Borgnjor's Revivification      Necromancy                   8
   c - Death's Door                   Charms/Necromancy            8
   d - Necromutation                  Transmutation/Necromancy     8
 V - a book of the Earth

   Spells                             Type                      Level
   a - Leda's Liquefaction            Hexes/Earth                  4
   b - Bolt of Magma                  Conjuration/Fire/Earth       5
   c - Statue Form                    Transmutation/Earth          6
   d - Iron Shot                      Conjuration/Earth            6
   e - Shatter                        Earth                        9
Miscellaneous
 G - a disc of storms
Comestibles
 f - 13 bread rations
 j - 25 meat rations
 D - 9 royal jellies
 H - a beef jerky
 O - 2 slices of pizza


   Skills:
 + Level 16.4 Fighting
 * Level 24.6 Axes
 + Level 11.9 Armour
 * Level 13.7 Dodging
 + Level 17.3 Shields
 * Level 6.3 Transmutations
 * Level 12.1 Air Magic
 * Level 13.9 Earth Magic
 - Level 5.1 Invocations


You had 10 spell levels left.
You knew the following spells:

 Your Spells              Type           Power        Failure   Level  Hunger
a - Bolt of Draining      Conj/Necr      #.........   100%        5    ######.
b - Statue Form           Trmt/Erth      ###......    100%        6    #######
c - Mephitic Cloud        Conj/Pois/Air  #.......     100%        3    ####...


Dungeon Overview and Level Annotations

Branches:
Dungeon (15/15)            Temple (1/1) D:7            Lair (8/8) D:11
 Shoals (4/4) Lair:4       Spider (4/4) Lair:4        Slime (0/6) Lair:7
    Orc (2/2) D:12            Elf (3/3) Orc:2        Vaults (4/5) D:13
  Crypt (0/3) Vaults:2     Depths (4/5) D:15

Altars:
Ashenzari
Cheibriados
Dithmenos
Elyvilon
Fedhas
Gozag
Kikubaaqudgha
Makhleb
Nemelex Xobeh
Okawaru
Pakellas
Qazlal
Ru
Sif Muna
Trog
Vehumet
Xom
Yredelemnul
Zin
The Shining One
Jiyva
Lugonu

Shops:
D:5 ?   D:6 *   D:9 [   Orc:2 (?(   Shoals:3 *   Vaults:4 !   Depths:3 [

Portals:
Hell: Depths:1 Depths:2 Depths:3 Depths:4
Pandemonium: Depths:3


Innate Abilities, Weirdness & Mutations

You are under a permanent stasis effect.
You can dig through walls and to a lower floor.
Your four strong arms can wield two-handed weapons with a shield.
You have a pair of large antennae on your head (SInv).
You are surrounded by a mild repulsion field (EV +2).
You are partially covered in large bone plates (AC +2, SH +2).
You are partially covered in rough black scales (AC +4, Dex -1).
Your mind is acute. (Int +2)
Your flesh is cold resistant.
Your magical capacity is extremely low (-30% MP).
You occasionally shout uncontrollably at your foes.
You are weak. (Str -2)


Message History

You block the caustic shrike's attack. The caustic shrike closely misses you.
You block the caustic shrike's attack. The great orb of eyes gazes at you.
You resist with almost no effort.
The caustic shrike claws you but does no damage.
The caustic shrike claws you!
* * * LOW HITPOINT WARNING * * *
The amulet "Wogup" {Dismiss rF++ Int-5 Dex+4 Stlth+} vibrates suddenly!
You are splashed with acid!
The acid burns!
* * * LOW HITPOINT WARNING * * *
The caustic shrike disappears!
You block the caustic shrike's attack.
You begin to dig a shaft.
You continue digging a shaft.
You block the caustic shrike's attack. The caustic shrike claws you!
* * * LOW HITPOINT WARNING * * *
You are splashed with acid!
The acid burns!
* * * LOW HITPOINT WARNING * * *
You block the caustic shrike's attack. The caustic shrike claws you!!
* * * LOW HITPOINT WARNING * * *
You are splashed with acid!
The acid burns!
You die...

#....#
#....##
##....#
#..'##
###'.##
#....#
#....#+
##....+#
#..@b.#
##bbG..#
##..⌠..#
##.....#
#<....#
#.....
#....
#...


You could see 3 caustic shrikes and a great orb of eyes.

Vanquished Creatures
  Mara (Shoals:3)
  A juggernaut (Depths:3)
  A caustic shrike (Depths:4)
  3 golden dragons (Depths:3)
  Asterion (Spider:3)
  3 liches (Depths:3)
  A deep elf blademaster (Elf:3)
  Polyphemus (Shoals:2)
  5 sphinxes
  The ghost of krfreak the Warrior, an adept MiCj of Trog (Spider:4)
  Kirke (Spider:3)
  Roxanne (Elf:3)
  A tengu reaver (Depths:2)
  A storm dragon (Vaults:2)
  Ilsuiw (Shoals:3)
  7 vault wardens
  2 fire giants
  7 emperor scorpions
  Donald (Shoals:4)
  9 deep elf sorcerers
  An iron dragon (Depths:3)
  4 frost giants
  3 ghost moths (Spider:4)
  A ghoul (Vaults:2)
  5 deep elf elementalists (Elf:3)
  13 very ugly things
  14 stone giants
  A war gargoyle (D:14)
  4 spriggan defenders (Depths:3)
  13 ironheart preservers
  An apis (shapeshifter) (Depths:3)
  A salamander stormcaller (Vaults:2)
  Azrael (Elf:1)
  A lorocyproca (Depths:3)
  7 deep elf demonologists
  A dire elephant (D:15)
  8 deep elf annihilators
  5 merfolk javelineers
  8 vault guards
  8 deep elf death magi
  2 spark wasps
  4 fire dragons
  8 ettins
  Josephine (D:12)
  A minotaur (Lab)
  9 yaktaur captains
  The ghost of Potsanchik the Impaler, a journeyman MfCK of Xom (Lair:3)
  3 rakshasas
  12 merfolk impalers
  3 deep elf high priests (Elf:3)
  5 ice dragons
  3 great orbs of eyes
  Harold (Lair:1)
  5 entropy weavers
  5 merfolk avatars
  12 hydras
  A spriggan air mage (Depths:3)
  Erolcha (Orc:1)
  3 centaur warriors
  An alligator snapping turtle (Shoals:4)
  A catoblepas (Shoals:2)
  13 ogre magi
  A death knight (Vaults:3)
  4 deep troll shamans
  16 death yaks
  A satyr (Shoals:3)
  2 tengu warriors (Depths:2)
  A merfolk aquamancer (Shoals:4)
  4 orc high priests
  5 deep troll earth magi
  24 dancing weapons
  6 spriggan berserkers
  20 deep elf knights
  The ghost of GFox the Reanimator, a novice DDNe of Yredelemnul (D:8)
  7 skeletal warriors
  2 iron trolls (Depths:1)
  2 fire crabs
  A gelid demonspawn (Depths:3)
  8 sea snakes
  19 deep trolls
  5 unseen horrors
  2 giant orange brains
  A deep troll (shapeshifter) (D:14)
  15 ironbrand convokers
  A phantasmal warrior (Vaults:4)
  2 shadow wraiths
  7 deep elf archers
  47 harpies
  6 hill giants
  12 orb spiders
  34 wolf spiders
  12 orc knights
  A wolf spider zombie (D:15)
  6 orc sorcerers
  7 fauns
  65 deep elf magi
  Pikel (D:7)
  14 griffons
  4 hornets
  38 ugly things
  A moth of wrath (shapeshifter) (D:13)
  A moth of wrath (Spider:4)
  An oklob plant (Lair:5)
  A cyclops (shapeshifter) (Elf:3)
  8 cyclopes
  12 manticores
  4 sirens
  Maurice (D:10)
  A salamander (Depths:3)
  10 elephants
  2 guardian serpents (D:12)
  5 black mambas
  10 vault sentinels
  A black mamba (shapeshifter) (Vaults:4)
  An eye of devastation (shapeshifter) (Elf:2)
  A torpor snail (shapeshifter) (Vaults:1)
  6 water nymphs
  3 torpor snails
  3 centaur skeletons
  11 spiny frogs
  2 rime drakes
  A gargoyle (D:13)
  A spiny frog (shapeshifter) (Vaults:1)
  2 redback zombies
  4 komodo dragons
  8 kobold demonologists
  31 yaktaurs
  6 freezing wraiths
  9 demonic crawlers
  2 spriggan druids (Lair:8)
  An ice devil (Depths:3)
  A queen bee (D:9)
  20 jumping spiders
  29 merfolk
  7 trolls
  A tengu simulacrum (Vaults:2)
  21 blink frogs
  A merfolk (shapeshifter) (Depths:2)
  A blink frog (shapeshifter) (Vaults:1)
  10 polar bears
  A two-headed ogre (shapeshifter) (Vaults:3)
  21 two-headed ogres
  17 slime creatures
  7 boulder beetles
  8 snapping turtles
  2 centaur simulacra
  2 air elementals
  10 spriggans
  29 tarantellas
  A redback (shapeshifter) (Vaults:1)
  103 redbacks
  A ynoxinul (Depths:3)
  7 wraiths
  7 wyverns
  37 yaks
  Sigmund (D:5)
  8 basilisks
  A basilisk (shapeshifter) (Vaults:4)
  A yak (shapeshifter) (Vaults:2)
  12 water elementals
  15 hippogriffs
  A fire bat (Depths:3)
  5 fire elementals (Elf:1)
  6 hungry ghosts
  24 vampire mosquitoes
  A chaos spawn (Depths:3)
  2 mottled dragons
  3 human simulacra (Vaults:1)
  Edmund (D:6)
  A warg (Elf:2)
  Duvessa (D:6)
  23 water moccasins
  2 giant eyeballs (Depths:3)
  A giant eyeball (shapeshifter) (Elf:3)
  A porcupine (shapeshifter) (D:15)
  3 hell hounds (Elf:1)
  9 porcupines
  36 orc warriors
  7 ice beasts
  3 sky beasts
  3 phantoms
  2 eyes of draining (D:15)
  9 black bears
  6 wasps
  2 necrophages
  60 ogres
  31 wolves
  6 boggarts (Vaults:2)
  5 centaurs
  10 crocodiles
  15 big kobolds
  A gnoll sergeant (D:6)
  A wyvern zombie (D:12)
  An earth elemental (Elf:1)
  18 giant frogs
  Dowan (D:6)
  6 scorpions
  2 wyvern skeletons
  A scorpion (shapeshifter) (Vaults:4)
  14 wights
  20 killer bees
  A howler monkey (D:6)
  4 electric eels
  15 crimson imps
  7 centaur zombies
  2 quasits
  3 giant frog zombies
  21 orc priests
  6 giant frog skeletons
  3 hounds
  2 jellies
  Crazy Yiuf (D:5)
  Terence (D:2)
  Jessica (D:2)
  23 orc wizards
  Natasha (thrice) (D:2)
  8 iguanas
  8 worker ants
  39 sheep
  A killer bee zombie (D:6)
  2 hound skeletons (D:11)
  A howler monkey zombie (D:7)
  Robin (D:2)
  37 river rats
  13 adders
  6 gnolls
  5 shadow imps
  5 white imps
  An ufetubus (Depths:3)
  An adder skeleton (D:5)
  6 worms (D:2)
  8 giant geckos
  100 orcs
  3 ball pythons
  17 bats
  5 giant cockroaches
  19 goblins
  4 hobgoblins
  17 jackals
  5 quokkas
  A giant gecko skeleton (D:6)
  6 giant newts
  36 kobolds
  16 rats
  11 fungi
  14 plants
  A spectral weapon (Spider:3)
2014 creatures vanquished.

Vanquished Creatures (others)
  An ironheart preserver (Vaults:1)
  A stone giant (Depths:3)
  2 merfolk javelineers (Shoals:4)
  A yaktaur captain (Vaults:4)
  A satyr (Shoals:4)
  A deep elf knight (Elf:2)
  A deep elf archer (Elf:3)
  A manticore (Shoals:2)
  7 yaktaurs
  A two-headed ogre (Depths:2)
  4 humans (Spider:3)
  A slave (D:7)
  A centaur (D:13)
  9 fungi
  4 plants
36 creatures vanquished.

Grand Total: 2050 creatures vanquished

Notes
Turn   | Place    | Note
--------------------------------------------------------------
     0 | D:1      | Herrn the Formicid Fighter began the quest for the Orb.
     0 | D:1      | Reached XP level 1. HP: 18/18 MP: 1/1
   151 | D:1      | Reached XP level 2. HP: 23/24 MP: 2/2
   361 | D:1      | Reached XP level 3. HP: 22/29 MP: 3/3
   482 | D:2      | Noticed Terence
   498 | D:2      | Killed Terence
   498 | D:2      | Reached XP level 4. HP: 33/37 MP: 4/4
   515 | D:2      | Noticed Robin
   539 | D:2      | Killed Robin
   556 | D:2      | Reached skill level 1 in Dodging
   658 | D:2      | Found a glowing golden altar of the Shining One.
   662 | D:2      | Found a snail-covered altar of Cheibriados.
   663 | D:2      | Found an opulent altar of Gozag.
   663 | D:2      | Found an oddly glowing altar of Pakellas.
   725 | D:2      | Reached XP level 5. HP: 33/42 MP: 5/5
  1442 | D:2      | Found a white marble altar of Elyvilon.
  1491 | D:2      | Reached skill level 5 in Shields
  1494 | D:2      | Noticed Natasha
  1505 | D:2      | Killed Natasha
  1782 | D:2      | Reached XP level 6. HP: 35/48 MP: 6/6
  1834 | D:2      | Noticed Natasha
  1842 | D:2      | Killed Natasha
  1923 | D:2      | Noticed Jessica
  1934 | D:2      | Killed Jessica
  2059 | D:2      | Noticed Natasha
  2073 | D:2      | Killed Natasha
  2402 | D:3      | Reached skill level 3 in Axes
  2894 | D:4      | Reached XP level 7. HP: 51/55 MP: 7/7
  3236 | D:5      | Entered Level 5 of the Dungeon
  3236 | D:5      | Found Emaonk's Magic Scroll Shoppe.
  3243 | D:5      | Bought a scroll of magic mapping for 45 gold pieces
  3277 | D:5      | Reached skill level 5 in Armour
  3510 | D:5      | Noticed Crazy Yiuf
  3516 | D:5      | Killed Crazy Yiuf
  3604 | D:5      | Noticed Sigmund
  3608 | D:5      | Reached skill level 5 in Fighting
  3608 | D:5      | Reached XP level 8. HP: 53/62 MP: 8/8
  3630 | D:5      | Killed Sigmund
  3630 | D:5      | Reached skill level 4 in Axes
  3658 | D:5      | Found a bloodstained altar of Trog.
  4033 | D:6      | Found a sacrificial altar of Ru.
  4570 | D:6      | Found Eklotanym's Assorted Antiques.
  4591 | D:6      | Bought a pink potion for 33 gold pieces
  4591 | D:6      | Bought a scroll labeled GAHUGIOWUNT for 37 gold pieces
  4591 | D:6      | Bought a purple potion for 33 gold pieces
  4591 | D:6      | Bought a scroll labeled SUESTR SUUFU for 37 gold pieces
  4744 | D:6      | Reached skill level 5 in Axes
  4764 | D:6      | Reached XP level 9. HP: 56/68 MP: 9/9
  5013 | D:6      | Noticed Edmund
  5024 | D:6      | Killed Edmund
  5078 | D:6      | Noticed Duvessa
  5078 | D:6      | Noticed Dowan
  5084 | D:6      | Killed Duvessa
  5097 | D:6      | Killed Dowan
  5631 | D:6      | Reached skill level 6 in Axes
  5801 | D:7      | Found a sparkling altar of Nemelex Xobeh.
  5801 | D:7      | Found a radiant altar of Vehumet.
  5803 | D:7      | Found an iron altar of Okawaru.
  5803 | D:7      | Found a blossoming altar of Fedhas.
  5811 | D:7      | Became a worshipper of Warmaster Okawaru
  5946 | D:7      | Reached XP level 10. HP: 64/76 MP: 10/10
  6128 | D:7      | Noticed Pikel
  6135 | D:7      | Killed Pikel
  6135 | D:7      | Reached * piety under Okawaru
  6135 | D:7      | Reached skill level 10 in Shields
  6284 | D:7      | Found a staircase to the Ecumenical Temple.
  6299 | Temple   | Entered the Ecumenical Temple
  6602 | D:7      | Reached skill level 7 in Axes
  7328 | D:8      | Noticed GFox's ghost (novice DDNe)
  7347 | D:8      | Gained mutation: You are surrounded by a mild repulsion field (EV +2). [potion of mutation]
  7347 | D:8      | Gained mutation: Your magical capacity is low (-10% MP). [potion of mutation]
  7347 | D:8      | Gained mutation: You are weak. (Str -2) [potion of mutation]
  7349 | D:8      | Gained mutation: Your mind is acute. (Int +2) [potion of beneficial mutation]
  7365 | D:8      | Killed GFox's ghost
  7365 | D:8      | Reached ** piety under Okawaru
  7809 | D:8      | Found an ancient bone altar of Kikubaaqudgha.
  8731 | D:9      | Found a glowing silver altar of Zin.
  8813 | D:9      | Reached skill level 1 in Invocations
  8821 | D:9      | Reached *** piety under Okawaru
  8821 | D:9      | Reached XP level 11. HP: 29/86 MP: 8/10
  9120 | D:9      | Found Yvomuuxe's Armour Shop.
  9455 | D:9      | Reached skill level 8 in Axes
  9721 | D:10     | Entered Level 10 of the Dungeon
  9811 | D:10     | Reached **** piety under Okawaru
  9905 | D:10     | Noticed Maurice
  9921 | D:10     | Killed Maurice
  9921 | D:10     | Received a gift from Okawaru
  9921 | D:10     | Reached skill level 5 in Dodging
 10018 | D:10     | Reached skill level 9 in Axes
 10139 | D:10     | Noticed a hill giant
 10153 | D:10     | Killed a hill giant
 10401 | D:11     | Found a flagged portal.
 10442 | Bailey   | Entered a bailey
 10442 | Bailey   | Noticed an orc knight
 10456 | Bailey   | Killed an orc knight
 10456 | Bailey   | Reached ***** piety under Okawaru
 10632 | Bailey   | Reached XP level 12. HP: 84/94 MP: 13/13
 10709 | Bailey   | Got a scorched marble ring
 10711 | Bailey   | Identified the ring "Caph" {MR+ Stlth-} (You found it in a bailey)
 10834 | D:11     | Reached skill level 10 in Axes
 11114 | D:11     | Identified a scroll of acquirement
 11116 | D:11     | Got a pair of brightly glowing gloves
 11127 | D:11     | Identified the +0 pair of gloves of Submission {Int+3} (You acquired it on level 11 of the Dungeon)
 11274 | D:11     | Found a staircase to the Lair.
 11419 | D:11     | Noticed an unseen horror
 11473 | D:12     | Noticed Josephine
 11631 | D:12     | Received a gift from Okawaru
 11716 | Lair:1   | Entered Level 1 of the Lair of Beasts
 12068 | Lair:1   | Noticed Harold
 12077 | Lair:1   | Killed Harold
 12077 | Lair:1   | Reached skill level 5 in Invocations
 12564 | Lair:2   | Reached skill level 11 in Axes
 12646 | Lair:2   | Noticed an eight-headed hydra
 12655 | Lair:2   | Killed a four-headed hydra
 13431 | Lair:3   | Received a gift from Okawaru
 13431 | Lair:3   | Reached XP level 13. HP: 90/103 MP: 15/15
 13434 | Lair:3   | Got a smoking executioner's axe {god gift}
 13435 | Lair:3   | Identified the +12 executioner's axe of Rathus {chop, MR+ Str-4 SInv} (Okawaru gifted it to you on level 3 of the Lair of Beasts)
 13452 | Lair:3   | Found a labyrinth entrance.
 13461 | Lab      | Entered a labyrinth
 13718 | Lab      | Reached skill level 10 in Fighting
 13736 | Lab      | Reached skill level 12 in Axes
 13762 | Lab      | Noticed a minotaur
 13767 | Lab      | Killed a minotaur
 13793 | Lab      | Identified a +1 pair of boots of running (You found it in a labyrinth)
 13800 | Lab      | Got a bloodstained war axe {freeze}
 13805 | Lair:3   | Identified the cursed +1 war axe of Ezxe {freeze, Stlth+} (You took it off a minotaur in a labyrinth)
 13981 | Lair:3   | Noticed Potsanchik's ghost (journeyman MfCK)
 13995 | Lair:3   | Killed Potsanchik's ghost
 14014 | Lair:3   | Noticed a seven-headed hydra
 14020 | Lair:3   | Killed a four-headed hydra
 14161 | Lair:3   | Reached skill level 13 in Axes
 14178 | Lair:3   | Received a gift from Okawaru
 14787 | Lair:4   | Found a hole to the Spider Nest.
 14935 | Lair:4   | Found a staircase to the Shoals.
 15064 | Lair:4   | Received a gift from Okawaru
 15629 | Lair:5   | Gained mutation: You occasionally shout uncontrollably at your foes. [potion of mutation]
 15629 | Lair:5   | Gained mutation: Your flesh is cold resistant. [potion of mutation]
 15629 | Lair:5   | Lost mutation: You are weak. (Str -2) [potion of mutation]
 15630 | Lair:5   | Gained mutation: Your body sometimes deteriorates upon taking damage. [potion of mutation]
 15630 | Lair:5   | Gained mutation: Your magical capacity is very low (-20% MP). [potion of mutation]
 15630 | Lair:5   | Lost mutation: Your body sometimes deteriorates upon taking damage. [potion of mutation]
 15631 | Lair:5   | Gained mutation: You are partially covered in large bone plates (AC +2, SH +2). [potion of mutation]
 15632 | Lair:5   | Gained mutation: Your mind is very acute. (Int +4) [potion of mutation]
 15725 | Lair:5   | Reached ****** piety under Okawaru
 15728 | Lair:5   | Reached XP level 14. HP: 98/111 MP: 14/14
 15732 | Lair:5   | Reached skill level 14 in Axes
 15796 | Lair:5   | Reached skill level 10 in Armour
 16588 | Lair:6   | Reached skill level 1 in Air Magic
 16980 | Lair:7   | Received a gift from Okawaru
 17007 | Lair:7   | Reached skill level 15 in Axes
 17118 | Lair:7   | Found a staircase to the Slime Pits.
 17119 | Lair:7   | Found a viscous altar of Jiyva.
 17321 | Lair:7   | Learned a level 5 spell: Bolt of Draining
 17328 | Lair:7   | Learned a level 6 spell: Statue Form
 17685 | Lair:8   | Entered Level 8 of the Lair of Beasts
 17790 | Lair:8   | Reached skill level 1 in Earth Magic
 17937 | Lair:8   | Reached XP level 15. HP: 117/119 MP: 15/15
 17938 | Lair:8   | Received a gift from Okawaru
 18459 | Lair:8   | Reached skill level 16 in Axes
 18519 | Lair:8   | Received a gift from Okawaru
 19260 | D:12     | Killed Josephine
 19621 | D:12     | Found a staircase to the Orcish Mines.
 19897 | Orc:1    | Entered Level 1 of the Orcish Mines
 20182 | Orc:2    | Entered Level 2 of the Orcish Mines
 20307 | Orc:1    | Noticed Erolcha
 20310 | Orc:1    | Killed Erolcha
 20320 | Orc:1    | Reached skill level 5 in Air Magic
 20559 | Orc:2    | Found a staircase to the Elven Halls.
 20602 | Orc:2    | Reached skill level 5 in Earth Magic
 21040 | Orc:2    | Reached XP level 16. HP: 126/127 MP: 15/15
 21130 | Orc:2    | Received a gift from Okawaru
 21191 | Orc:2    | Found Getwokos's Weapon Shoppe.
 21195 | Orc:2    | Found Uhelintu's Magic Scroll Boutique.
 21201 | Orc:2    | Found Fiodgh's Antique Weapon Boutique.
 21203 | Orc:2    | Found Linlumpoe's Book Shoppe.
 21223 | Orc:2    | Bought a scroll of acquirement for 780 gold pieces
 21681 | D:13     | Reached skill level 17 in Axes
 21891 | D:13     | Found a gate to the Vaults.
 22640 | D:14     | Received a gift from Okawaru
 23048 | D:14     | Found a runed door.
 23311 | D:15     | Entered Level 15 of the Dungeon
 23574 | D:15     | Found a staircase to the Depths.
 23688 | D:15     | Reached skill level 18 in Axes
 23688 | D:15     | Reached XP level 17. HP: 136/136 MP: 16/16
 23976 | D:15     | Received a gift from Okawaru
 24414 | Spider:1 | Entered Level 1 of the Spider Nest
 24849 | Spider:1 | Got a vibrating bronze amulet
 24851 | Spider:1 | Identified the amulet "Wogup" {Dismiss rF++ Int-5 Dex+4 Stlth+} (You found it on level 1 of the Spider Nest)
 25272 | Spider:2 | Received a gift from Okawaru
 26011 | Spider:2 | Reached skill level 10 in Dodging
 26190 | Spider:3 | Noticed Asterion
 26205 | Spider:3 | Killed Asterion
 26207 | Spider:3 | Noticed Kirke
 26214 | Spider:3 | Killed Kirke
 26951 | Spider:3 | Received a gift from Okawaru
 27299 | Spider:4 | Entered Level 4 of the Spider Nest
 27348 | Spider:4 | Reached XP level 18. HP: 86/144 MP: 17/17
 27626 | Spider:4 | Reached skill level 19 in Axes
 27855 | Spider:4 | Noticed krfreak's ghost (adept MiCj)
 27898 | Spider:4 | Killed krfreak's ghost
 28441 | Spider:4 | Got a gossamer rune of Zot
 28527 | Spider:4 | Received a gift from Okawaru
 28772 | Shoals:1 | Entered Level 1 of the Shoals
 29313 | Shoals:2 | Gained mutation: Your magical capacity is extremely low (-30% MP). [potion of mutation]
 29313 | Shoals:2 | Gained mutation: You are partially covered in rough black scales (AC +4, Dex -1). [potion of mutation]
 29313 | Shoals:2 | Gained mutation: You are robust (+10% HP). [potion of mutation]
 29480 | Shoals:2 | Noticed Polyphemus
 29492 | Shoals:2 | Killed Polyphemus
 29752 | Shoals:2 | Reached XP level 19. HP: 155/166 MP: 15/15
 30270 | Shoals:4 | Entered Level 4 of the Shoals
 30298 | Shoals:3 | Found Poekk's Assorted Antiques.
 30491 | Shoals:3 | Noticed Mara
 30497 | Shoals:3 | Noticed Herrn's illusion
 30537 | Shoals:3 | Noticed Herrn's illusion
 30545 | Shoals:3 | Killed Mara
 30545 | Shoals:3 | Received a gift from Okawaru
 30588 | Shoals:3 | Got a faintly glowing broad axe {god gift}
 30979 | Shoals:4 | Noticed Ilsuiw
 31177 | Shoals:3 | Killed Ilsuiw
 31186 | Shoals:4 | Reached skill level 20 in Axes
 31379 | Shoals:4 | Reached skill level 10 in Air Magic
 31564 | Shoals:4 | Noticed Donald
 31581 | Shoals:4 | Killed Donald
 31672 | Shoals:4 | Received a gift from Okawaru
 31684 | Shoals:4 | Identified the +8 broad axe of Gushror {vamp, +Blink rPois Dex+3 Stlth-} (Okawaru gifted it to you on level 3 of the Shoals)
 31803 | Shoals:4 | Reached skill level 10 in Earth Magic
 32252 | Shoals:4 | Reached XP level 20. HP: 174/174 MP: 13/16
 32267 | Shoals:4 | Got a shimmering plate armour
 32268 | Shoals:4 | Identified the +5 plate armour "Ymugi" {Dex+4} (You found it on level 4 of the Shoals)
 32368 | Shoals:4 | Received a gift from Okawaru
 32447 | Shoals:4 | Got a barnacled rune of Zot
 32601 | Shoals:4 | Lost mutation: You are robust (+10% HP). [potion of mutation]
 32601 | Shoals:4 | Lost mutation: Your mind is very acute. (Int +4) [potion of mutation]
 32672 | Shoals:2 | Got a bronze leather armour
 32889 | Vaults:1 | Entered Level 1 of the Vaults
 32890 | Vaults:1 | Identified the +2 leather armour of the Original Sin {rCorr Int-3 Dex+5} (You found it on level 2 of the Shoals)
 33166 | Vaults:1 | Reached skill level 15 in Shields
 33216 | Vaults:1 | Noticed an Ice Fiend
 33219 | Vaults:1 | Gained mutation: You are weak. (Str -2) [a cacodemon]
 33995 | Vaults:1 | Reached skill level 21 in Axes
 34070 | Vaults:1 | Received a gift from Okawaru
 34078 | Vaults:1 | Got a crude broad axe {god gift}
 34130 | Vaults:1 | Noticed an Ice Fiend
 34460 | Vaults:2 | Reached XP level 21. HP: 135/166 MP: 17/17
 34680 | Vaults:2 | Identified the +1 broad axe of Aneigeps {chop, MR+ Int+4} (Okawaru gifted it to you on level 1 of the Vaults)
 34765 | Vaults:2 | Received a gift from Okawaru
 35197 | Vaults:2 | Found a staircase to the Crypt.
 36076 | Vaults:3 | Received a gift from Okawaru
 36161 | Vaults:3 | Reached skill level 22 in Axes
 36600 | Vaults:3 | Reached skill level 15 in Fighting
 36700 | Vaults:3 | Reached XP level 22. HP: 175/175 MP: 16/18
 37139 | Vaults:4 | Found Kerph's Distillery.
 37178 | Vaults:4 | Received a gift from Okawaru
 37358 | Vaults:4 | Got a bloodstained ring mail
 37359 | Vaults:4 | Identified the +3 ring mail of Honour {+Inv} (You acquired it on level 4 of the Vaults)
 38237 | Elf:1    | Entered Level 1 of the Elven Halls
 38240 | Elf:1    | Noticed Azrael
 38262 | Elf:1    | Killed Azrael
 38327 | Elf:1    | Reached skill level 1 in Transmutations
 38870 | Elf:1    | Reached skill level 23 in Axes
 38877 | Elf:1    | Identified the Volume of Creative Combat Magic
 39186 | Elf:2    | Received a gift from Okawaru
 39207 | Elf:2    | Identified the Reference Book on Poison
 39212 | Elf:2    | Learned a level 3 spell: Mephitic Cloud
 39369 | Elf:2    | Found a runed gate.
 39371 | Elf:2    | Found a runed gate.
 39374 | Elf:2    | Found a runed gate.
 39433 | Elf:2    | Reached XP level 23. HP: 178/182 MP: 16/18
 39953 | Elf:3    | Entered Level 3 of the Elven Halls
 40308 | Elf:3    | Noticed Roxanne
 40316 | Elf:3    | Killed Roxanne
 40318 | Elf:3    | Identified Roxanne's Disquisition on Clay (You took it off Roxanne on level 3 of the Elven Halls)
 40827 | Elf:3    | Received a gift from Okawaru
 41658 | Elf:3    | Identified the Volume of the Quantum Frostbite
 41670 | Elf:3    | Got a scintillating glass ring
 41677 | Elf:3    | Identified the ring of Bad Sipn {rF++ MP+9} (You found it on level 3 of the Elven Halls)
 41685 | Elf:3    | Identified the Guide on Damaging Enchantment (You found it on level 3 of the Elven Halls)
 42088 | Depths:1 | Entered Level 1 of the Depths
 42088 | Depths:1 | Found a gateway to Hell.
 42464 | Depths:3 | Found Nohaehe's Armour Boutique.
 42826 | Depths:4 | Reached XP level 24. HP: 191/191 MP: 18/18
 43103 | Depths:1 | Received a gift from Okawaru
 43290 | Depths:1 | You are sucked into a shaft!
 43572 | Depths:2 | Reached skill level 5 in Transmutations
 43923 | Depths:2 | Reached skill level 24 in Axes
 44566 | Depths:3 | Noticed a juggernaut
 44569 | Depths:3 | Noticed a golden dragon
 44572 | Depths:3 | Noticed a golden dragon
 44583 | Depths:3 | Noticed a golden dragon
 44593 | Depths:3 | Killed a juggernaut
 44609 | Depths:3 | Killed a golden dragon
 44615 | Depths:3 | Killed a golden dragon
 44624 | Depths:3 | Received a gift from Okawaru
 44818 | Depths:3 | Killed a golden dragon
 44899 | Depths:3 | Found a one-way gate leading to the halls of Pandemonium.
 45135 | Depths:3 | Found a runed door.
 45202 | Depths:3 | Reached XP level 25. HP: 181/198 MP: 18/18
 45461 | Depths:4 | Noticed a caustic shrike
 45462 | Depths:4 | Noticed a caustic shrike
 45462 | Depths:4 | Noticed a caustic shrike
 45463 | Depths:4 | Noticed a caustic shrike
 45463 | Depths:4 | Noticed a caustic shrike
 45471 | Depths:4 | Killed a caustic shrike
 45473 | Depths:4 | HP: 2/199 [caustic shrike (22)]
 45473 | Depths:4 | Splashed by a caustic shrike's acid

Skill      XL: |  1  2  3  4  5  6  7  8  9 10 11 12 13 14 15 16 17 18 19 20 21 22 23 24 |
---------------+-------------------------------------------------------------------------+-----
Shields        | 4 5 6 7 8 9 11 12 13 14 15 16 17 | 17.3
Dodging        | 1 2 3 4 5 6 7 8 9 10 11 12 13 | 13.7
Armour         | 4 5 6 7 8 9 10 11 | 11.9
Fighting       | 4 5 6 7 8 9 10 11 12 13 14 15 16 | 16.4
Axes           | 3 5 6 7 9 11 13 15 16 18 19 20 21 22 23 24 | 24.6
Invocations    | 1 4 5 |  5.1
Air Magic      | 3 5 6 8 9 10 11 12 | 12.1
Earth Magic    | 1 5 6 8 9 10 11 12 13 | 13.9
Transmutations | 2 4 6 |  6.3

Action                   |  1- 3 |  4- 6 |  7- 9 | 10-12 | 13-15 | 16-18 | 19-21 | 22-24 | 25-27 || total
-------------------------+-------+-------+-------+-------+-------+-------+-------+-------+-------++-------
Melee: War axe           |    62 |   366 |   384 |       |       |       |       |       |       ||   812
       Battleaxe         |       |       |    19 |   801 |       |       |       |       |       ||   820
       Executioner's axe |       |       |       |   110 |   886 |  1155 |  1147 |  1161 |    29 ||  4488
Invok: Heroism           |       |       |       |    20 |    17 |    17 |    28 |    29 |       ||   111
 Abil: Dig               |       |     3 |     2 |     9 |     5 |    12 |    12 |    16 |       ||    59
       Evoke Flight      |       |       |       |     1 |       |       |       |       |       ||     1
       Shaft Self        |       |       |       |       |       |       |       |     1 |     1 ||     2
  Use: Potion            |       |     1 |     5 |    10 |     4 |     4 |     2 |    10 |       ||    36
       Scroll            |       |       |     3 |    26 |     9 |    11 |     9 |    23 |       ||    81
 Stab: Petrifying        |       |       |       |       |       |     1 |       |       |       ||     1
       Distracted        |       |       |       |       |       |       |       |     1 |       ||     1
  Eat: Chunk             |       |     8 |    10 |    28 |    26 |    24 |    16 |     8 |     2 ||   122
       Fruit             |       |       |       |     6 |     1 |     6 |    12 |    13 |       ||    38
       Pizza             |       |       |       |     1 |     2 |     1 |       |     1 |       ||     5
       Royal jelly       |       |       |       |     1 |     1 |       |       |     2 |       ||     4
       Beef jerky        |       |       |       |     1 |       |     2 |       |     5 |       ||     8
Armor: Scale mail        |    33 |    31 |       |       |       |       |       |       |       ||    64
       Chain mail        |       |   172 |   170 |    61 |       |       |       |       |       ||   403
       Skin              |       |       |     1 |    10 |       |       |       |       |       ||    11
       Plate armour      |       |       |       |   374 |   366 |   404 |   202 |   120 |       ||  1466
       Gold dragon armou |       |       |       |       |       |       |       |    10 |    11 ||    21
Dodge: Dodged            |    14 |   110 |   115 |   421 |   431 |   460 |   348 |   220 |    10 ||  2129
Block: Shield            |    36 |   232 |   236 |   792 |   731 |    19 |       |       |       ||  2046
       Large shield      |       |       |       |       |       |  1725 |  1465 |  1051 |    42 ||  4283
       Reflection        |       |       |       |       |       |    46 |   112 |   115 |       ||   273
